 Dungeon Crawl Stone Soup version 0.32-a0-918-g0f22ef8d61 (webtiles) character file.

Game seed: 5071899388450652944

1184 retardedninja the Trooper (level 8, -9/55 (64) HPs)
             Began as a Coglin Fighter on Apr 11, 2024.
             Was an Initiate of Hepliaklqana.
             Killed by divine providence
             ... invoked by Jeremiah
              (11 damage)
             ... on level 6 of the Dungeon.
             The game lasted 00:08:36 (5076 turns).

retardedninja the Trooper (Coglin Fighter)          Turns: 5076, Time: 00:08:38

HP:   -9/55 (64)    AC:  9    Str: 19    XL:     8   Next: 42%
MP:   8/8           EV:  8    Int:  8    God:    Hepliaklqana [......]
Gold: 298           SH:  0    Dex: 13    Spells: 7/7 levels left

rFire   . . .        a - +0 war axe {Imanvir}
rCold   . . .        h - +0 mace {Chaewon}
rNeg    . . .        b - +0 scale mail
rPois   .            (no helmet)
rElec   .            (no cloak)
rCorr   .            n - +0 pair of gloves
SInv    .            q - +0 pair of boots
Will    .....        (amulet unavailable) Stlth
                     (ring unavailable)
HPRegen 0.29/turn    (ring unavailable)
MPRegen 0.11/turn    (no gizmo)

%: no passive effects
@: lethally poisoned (-9 -> -17), hasted, heavily drained, revved, very quick
A: off-hand wielding, slow wielding, warmup strikes, no jewellery
a: Invent Gizmo, Renounce Religion


You were on level 6 of the Dungeon.
You worshipped Hepliaklqana.
Hepliaklqana was noncommittal.
You visited 2 branches of the dungeon, and saw 7 of its levels.

You collected 298 gold pieces.

Inventory:

Hand Weapons
 a - a +0 war axe (weapon) {Imanvir}
 h - a +0 mace (offhand) {Chaewon}
Armour
 b - a +0 scale mail (worn)
 n - a +0 pair of gloves (worn)
 q - a +0 pair of boots (worn)
Talismans
 i - a blade talisman
Wands
 t - a wand of flame (19)
 v - a wand of iceblast (15)
 y - a wand of digging (7)
Scrolls
 c - 2 scrolls of amnesia {unknown}
 e - a scroll of fog {unknown}
 g - 4 scrolls of teleportation
 l - 3 scrolls of poison
 r - 4 scrolls of identify {unknown}
 s - 2 scrolls of immolation
 x - a scroll of butterflies {unknown}
 B - a scroll of torment {unknown}
 C - a scroll of enchant armour {unknown}
Potions
 d - a potion of might
 f - a potion of brilliance {unknown}
 j - 3 potions of curing {unknown}
 k - a potion of heal wounds {unknown}
 m - 2 potions of haste
 o - 2 potions of degeneration {unknown}
 p - a potion of enlightenment {unknown}
 u - a potion of attraction {unknown}
 w - a potion of lignification {unknown}
 z - a potion of ambrosia {unknown}
 A - a potion of mutation {unknown}


   Skills:
 + Level 5.7 Fighting
 + Level 5.2 Axes
 + Level 5.2 Armour
 + Level 4.3 Shields


You had 7 spell levels left.
You didn't know any spells.
Your spell library was empty.

Dungeon Overview and Level Annotations

Branches:
Dungeon (6/15)             Temple (1/1) D:4

Altars:
Ashenzari
Cheibriados
Dithmenos
Elyvilon
Fedhas
Gozag
Hepliaklqana
Kikubaaqudgha
Makhleb
Nemelex Xobeh
Okawaru
Qazlal
Ru
Sif Muna
Trog
Uskayaw
Vehumet
Wu Jian
Xom
Yredelemnul
Zin
The Shining One

Shops:
D:3 (

Annotations:
D:6 Jeremiah


Innate Abilities, Weirdness & Mutations

You can wield a second weapon in your off-hand.
It takes a long time for you to wield or remove held weapons.
Your first few attacks do less damage.
You cannot equip rings or amulets.


Message History

You hit the butterfly but do no damage.
You miss the butterfly with your +0 war axe.
You hit Jeremiah but do no damage.
Jeremiah hits you with a +4 trident of draining.
You feel drained.
You hit Jeremiah with your +0 war axe.
Jeremiah is moderately wounded.
You hit the water moccasin but do no damage.
You slash the butterfly with your +0 war axe!
You kill the butterfly!
The butterfly disappears in a burst of colours!
You closely miss the butterfly with your +0 war axe.
You sock Jeremiah with your +0 mace!
The butterfly disappears in a burst of colours!
The water moccasin bites you.
You are poisoned.
The water moccasin poisons you!
Jeremiah hits you with a +4 trident of draining!
* * * LOW HITPOINT WARNING * * *
You feel drained. The water moccasin barely misses you.
You barely miss Jeremiah with your +0 war axe.
Jeremiah is moderately wounded.
You hit the water moccasin with your +0 war axe.
You closely miss the butterfly with your +0 war axe.
You miss the butterfly with your +0 war axe.
You hit Jeremiah with your +0 mace.
* * * LOW HITPOINT WARNING * * *
You feel very sick.
The butterfly disappears in a burst of colours! x2
The water moccasin bites you.
* * * LOW HITPOINT WARNING * * *
Jeremiah completely misses you. The water moccasin closely misses you.
It was a potion of haste.
You feel yourself speed up.
* * * LOW HITPOINT WARNING * * *
You feel very sick.
Jeremiah throws their arms up pleadingly.
Something smites you!
You die...
Jeremiah says, "O terrible one, your will is done."
Hepliaklqana delivers you to your ancestors. .......b.# #b....)b. #....... #...bb.
Fo..

# #.##########
#.##.bbbbFb.b$#
#.....bbbS@.#
###########b#
#b# ###


You could see Jeremiah and a water moccasin.

Vanquished Creatures
  The ghost of scarr the Trooper, an amateur OpMo (D:5)
  2 water moccasins (D:5)
  An ice beast (D:5)
  2 centaurs (D:5)
  2 hounds (D:5)
  A bombardier beetle (D:5)
  3 orc priests (D:5)
  A sleepcap (D:5)
  2 iguanas
  5 orc wizards
  Terence (D:2)
  4 adders
  A shadow imp (D:5)
  A ribbon worm (D:2)
  A dart slug (D:3)
  13 orcs
  4 ball pythons
  5 endoplasms
  2 giant cockroaches
  2 goblins
  6 hobgoblins
  4 jackals (D:2)
  2 quokkas
  6 bats
  A frilled lizard (D:1)
  6 kobolds
  4 rats
83 creatures vanquished.

Notes
Turn   | Place    | Note
-------+----------+-------------------------------------------
     0 | D:1      | retardedninja the Coglin Fighter began the quest for the
                  | Orb.
     0 | D:1      | Reached XP level 1. HP: 18/18 MP: 1/1
   176 | D:1      | Reached XP level 2. HP: 24/24 MP: 2/2
   591 | D:2      | Identified the +0 leather armour "Zotoil" {Rampage}
   636 | D:2      | Reached XP level 3. HP: 21/29 MP: 3/3
   826 | D:2      | Noticed Terence
   832 | D:2      | Killed Terence
   888 | D:2      | Reached XP level 4. HP: 35/35 MP: 4/4
  1248 | D:3      | Found a white marble altar of Elyvilon.
  1481 | D:3      | Found a glowing golden altar of the Shining One.
  1527 | D:3      | Found Qoacabb's Weapon Shoppe.
  2384 | D:4      | Reached XP level 5. HP: 22/42 MP: 5/5
  2590 | D:4      | Found a staircase to the Ecumenical Temple.
  2685 | Temple   | Entered the Ecumenical Temple
  2695 | Temple   | Became a worshipper of Hepliaklqana the Forgotten
  2855 | D:5      | Entered Level 5 of the Dungeon
  2896 | D:5      | Found a runed translucent door.
  2959 | D:5      | Noticed scarr's ghost (amateur OpMo)
  2960 | D:5      | Noticed a centaur
  2990 | D:5      | Reached XP level 6. HP: 48/48 MP: 6/6
  3004 | D:5      | Noticed a water moccasin
  3012 | D:5      | Killed a water moccasin
  3020 | D:5      | Reached XP level 7. HP: 16/55 MP: 7/7
  3858 | D:5      | Reached skill level 5 in Fighting
  4106 | D:5      | Reached XP level 8. HP: 57/62 MP: 8/8
  4262 | D:5      | Killed scarr's ghost
  4263 | D:5      | Reached skill level 5 in Axes
  4263 | D:5      | Reached skill level 5 in Armour
  4549 | D:6      | Noticed Jeremiah
  5076 | D:6      | HP: 2/55 [poisoned by a water moccasin]
  5076 | D:6      | Killed from afar by Jeremiah

Illustrated notes

Levels and vault maps discovered:
D:1:      wander_arrival_peaceful_grave, layout_basic
D:2:      layout_loops_ring, uniq_terence
D:3:      layout_loops_cross, lemuel_round_altar, mainiacjoe_overflow_alcove_1,
          serial_shops, nicolae_shop_pleasant_corner_grove,
          chequers_serial_rivers_micro_d
D:4:      layout_loops_ring, temple_hall, minmay_hedge_maze
D:5:      minmay_spotlight, layout_rooms, ebering_ghost_inner_flame,
          kb_lookout_dungeons_type
D:6:      layout_basic, uniq_jeremiah
Temple:   nicolae_temple_bog_church

Skill      XL: |  1  2  3  4  5  6  7  8 |
---------------+-------------------------+-----
Armour         | 3 4 5 |  5.2
Axes           | 3 4 5 |  5.2
Fighting       | 4 5 |  5.7
Shields        | 3 4 |  4.3

Action                     |  1- 3 |  4- 6 |  7- 9 || total
---------------------------+-------+-------+-------++-------
  Melee: War axe           |    67 |    68 |    78 ||   213
         Mace              |    33 |    69 |    79 ||   181
  Evoke: Wand              |       |       |     1 ||     1
    Use: Scroll            |       |     1 |     1 ||     2
         Potion            |       |     1 |     3 ||     4
 Armour: Scale mail        |    53 |    78 |    94 ||   225
  Dodge: Dodged            |    40 |    45 |    41 ||   126

Table legend: (Time is in decaauts)
 A = Elapsed time spent in this place.
 B = Non-inter-level travel time spent in this place.
 C = Inter-level travel time spent in this place.
 D = Time resting spent in this place.
 E = Time spent auto-exploring this place.
 F = Levels seen in this place.
 G = Mean time per level.
                   A        B        C        D        E       F      G
               +--------+--------+--------+--------+--------+-----+--------+
         Total |   5154 |   4977 |    177 |   1326 |   2916 |   7 |  736.3 |
       Dungeon |   5133 |   4973 |    160 |   1326 |   2916 |   6 |  855.5 |
        Temple |     20 |      3 |     17 |      0 |      0 |   1 |   20.0 |
               +--------+--------+--------+--------+--------+-----+--------+

Top non-repeatable levels by time:
     D:5: 2170 daAuts
     D:4: 889 daAuts
     D:3: 777 daAuts
     D:2: 694 daAuts
     D:1: 515 daAuts
     D:6: 86 daAuts
  Temple: 20 daAuts
